Cogmind - Beta 10.2 @@@ ROGUE MODE // 2021.07.15 @ 23:50:47 Player: User Result: Destroyed by G-34 Mercenary with Small Laser Performance ------------- Evolutions (0) 0 Regions Visited (1) 200 Robots Destroyed (11) 55 Value Destroyed (279) 279 Prototype IDs (0) 0 Alien Tech Used (0) 0 Bonus (0) 0 TOTAL SCORE: 534 Bonus ------- None Cogmind --------- Core Integrity 0/250 Matter 300/300 Energy 250/250 System Corruption 0% Temperature Cool (18) Movement Walking (120) Location -10/Materials Parts ------- > --- POWER (1) -------- Ion Engine > --- PROPULSION (2) --- Aluminum Leg Aluminum Leg > --- UTILITY (2) ------ Small Storage Unit Utility Shielding > --- WEAPON (2) ------- Small Laser > --- INVENTORY (6) ---- Light Ion Engine Improved Heat Sink Medium Storage Unit Light Armor Plating Peak State ------------ > --- POWER ------------ Ion Engine > --- PROPULSION ------- Aluminum Leg Aluminum Leg > --- UTILITY ---------- Small Storage Unit Utility Shielding > --- WEAPON ----------- Medium Laser Assault Rifle > --- INVENTORY -------- Ion Engine Light Ion Engine Light Assault Rifle [Rating: 7] Favorites ----------- Power Ion Engine Engine Ion Engine Propulsion Aluminum Leg Leg Aluminum Leg Utility Small Storage Unit Storage Small Storage Unit Protection Utility Shielding Weapon Assault Rifle Energy Gun Medium Laser Ballistic Gun Assault Rifle Build | -11 -10 ------- Run | Scr Mat Slots Evolved . | . . Power . | . . Propulsion . | . . Utility . | . . Weapon . | . . Parts Attached 12 | 6 6 Power 2 | 1 1 Engine 2 | 1 1 Core . | . . Reactor . | . . Propulsion 4 | 2 2 Treads . | . . Leg 4 | 2 2 Wheel . | . . Hover . | . . Flight . | . . Utility 2 | 1 1 Device . | . . Storage 1 | 1 . Processor . | . . Hackware . | . . Protection 1 | . 1 Artifact . | . . Weapon 4 | 2 2 Energy Gun 2 | 1 1 Energy Cannon . | . . Ballistic Gun 2 | 1 1 Ballistic Cannon . | . . Launcher . | . . Special Weapon . | . . Impact Weapon . | . . Slashing Weapon . | . . Piercing Weapon . | . . Special Melee Weapon . | . . Unidentified Prototypes . | . . Parts Lost 6 | . 6 Power 1 | . 1 Propulsion 2 | . 2 Utility . | . . Weapon 3 | . 3 Highest Loss Streak 5 | . 5 Average Slot Usage (%) 88 | . 88 Engine 12 | . 12 Leg 25 | . 25 Storage 14 | . 14 Protection 12 | . 12 Energy Gun 6 | . 6 Ballistic Gun 15 | . 15 Naked Turns . | . . Heaviest Build 14 | 13 14 Greatest Support 20 | 20 20 Greatest Overweight (x) 1 | . 1 Average Overweight (x) . | . . Largest Inventory Capacity 6 | 6 6 Average Capacity 5 | 5 6 Most Carried 4 | 4 4 Average Carried 2 | 1 2 Final Capacity 6 | 6 6 Final Carried 4 | 2 4 Class Distribution -------------------- 100% | Mutant Dominant Class ---------------- Mutant | -10/Materials Resources | -11 -10 ----------- Run | Scr Mat Matter Collected 365 | 231 134 Remotely . | . . Salvage Created 389 | . 389 Parts 26 | . 26 Haulers Intercepted . | . . Recyclers Shooed . | . . Parts Field Recycled . | . . Retrieved Matter . | . . Parts Self-Destructed . | . . Prevented . | . . Kills | -11 -10 ------- Run | Scr Mat Combat Hostiles Destroyed 9 | . 9 Melee 2 | . 2 Guns 7 | . 7 Classes Destroyed 4 | . 4 Operator 1 | . 1 Watcher 1 | . 1 Swarmer 3 | . 3 Grunt 6 | . 6 Best Kill Streak 4 | . 4 Combat Bots Only 3 | . 3 Max Kills in Single Turn 2 | . 2 Gunslinging 1 | . 1 Exploded . | . . Melee 1 | . 1 Uniques/NPCs Destroyed . | . . Combat | -11 -10 -------- Run | Scr Mat Damage Taken 858 | . 858 Core 256 | . 256 Absorbed by Shields . | . . Core Remaining (%) 100 | 100 . Volleys Fired 45 | . 45 Largest 2 | . 2 Hottest 70 | . 70 Shots Fired 70 | . 70 Gun 70 | . 70 Cannon . | . . Launcher . | . . Special . | . . Kinetic 51 | . 51 Thermal 19 | . 19 Explosive . | . . Electromagnetic . | . . Robot Hit Streak 12 | . 12 Robot Miss Streak 3 | . 3 Penetration Max . | . . Secondary Targets 4 | . 4 Max Gunslinging Chain 1 | . 1 Shots Hit Robots 47 | . 47 Core Hits 26 | . 26 Critical Hits 1 | . 1 Critical Kills 1 | . 1 Critical Parts Destroyed . | . . Melee Attacks . | . . Impact . | . . Slashing . | . . Piercing . | . . Sneak Attacks . | . . Combat Hostiles . | . . Follow-up Attacks . | . . Damage Inflicted 503 | . 503 Guns 462 | . 462 Cannons . | . . Explosions . | . . Melee . | . . Ramming 41 | . 41 Kinetic 295 | . 295 Thermal 167 | . 167 Explosive . | . . Electromagnetic . | . . Impact . | . . Slashing . | . . Piercing . | . . Highest Corruption . | . . Average Corruption . | . . Corruption Purged . | . . Overload Shots . | . . Overflow Damage . | . . Projectiles . | . . Explosions . | . . Melee . | . . Knockbacks . | . . Impact . | . . Kinetic . | . . Secondary . | . . Self-Inflicted Damage 17 | . 17 Shots . | . . Rammed 18 | . 18 Targets Rammed 18 | . 18 Kicked . | . . Crushed . | . . Highest Temperature 71 | . 71 Average Temperature 25 | . 25 Received Heat Transfer 381 | . 381 Siege Activations . | . . Robots Corrupted . | . . Combat Hostiles . | . . Parts Fried . | . . Impact Corruptions . | . . Robots Melted . | . . Combat Hostiles . | . . Parts Melted . | . . Heat Transferred 387 | . 387 Parts Sabotaged . | . . Parts Stolen . | . . Parts Stripped . | . . Power Chain Reactions . | . . Missiles Intercepted . | . . Alert | -11 -10 ------- Run | Scr Mat Peak Influence 227 | . 227 Initial . | . . Average 74 | . 88 Maximum Alert Level 1 | . 1 Low Security (%) 98 | 100 98 Level 1 1 | . 1 Level 2 . | . . Level 3 . | . . Level 4 . | . . Level 5 . | . . High Security . | . . Max Security . | . . Squads Dispatched 4 | . 4 Investigation 2 | . 2 Extermination . | . . Reinforcement 2 | . 2 Assault . | . . Garrison . | . . Intercept . | . . Construction Impeded . | . . Haulers Reinforced . | . . Stealth | -11 -10 --------- Run | Scr Mat Distress Signals 1 | . 1 Communications Jammed . | . . Distress Signals . | . . Times Spotted 15 | . 15 Peak Tracking Total 4 | . 4 Tactical Retreats . | . . Traps | -11 -10 ------- Run | Scr Mat Traps Triggered 2 | . 2 Indirectly . | . . Trap Hack Attempts . | . . Triggered . | . . Disarmed . | . . Reprogrammed . | . . Reused . | . . Traps Extracted . | . . Installed . | . . Triggered . | . . Machines | -11 -10 ---------- Run | Scr Mat Machines Disabled . | . . Max in Single Turn . | . . Machines Sabotaged . | . . Garrisons Compromised . | . . Overloaded Fab Kills . | . . Fab Network Shutdowns . | . . Hacking | -11 -10 --------- Run | Scr Mat Machines Accessed . | . . Terminals . | . . Fabricators . | . . Repair Stations . | . . Recycling Units . | . . Scanalyzers . | . . Garrison Access . | . . Total Hacks . | . . Successful . | . . Failed . | . . Catastrophic . | . . Database Lockouts . | . . Manual . | . . Terminals . | . . Fabricators . | . . Repair Stations . | . . Recycling Units . | . . Scanalyzers . | . . Garrison Access . | . . Terminal Hacks . | . . Fabricator Hacks . | . . Repair Station Hacks . | . . Recycling Unit Hacks . | . . Scanalyzer . | . . Garrison Access Hacks . | . . Unauthorized Hacks . | . . Terminals . | . . Fabricators . | . . Repair Stations . | . . Recycling Units . | . . Scanalyzers . | . . Garrison Access . | . . Data Cores Recovered . | . . Used . | . . Hacking Detections . | . . Full Trace Events . | . . Feedback Events . | . . Feedback Blocked . | . . Robot Schematics Acquired . | . . Robots Built . | . . Matter . | . . Time . | . . Total Robot Build Rating . | . . Part Schematics Acquired . | . . Parts Built . | . . Matter . | . . Time . | . . Total Part Build Rating . | . . Parts Repaired . | . . Time . | . . Parts Recycled . | . . Recycled Matter . | . . Retrieved Matter . | . . Retrieved Components . | . . Parts Scanalyzed . | . . Part Schematics Acquired . | . . Parts Damaged . | . . Bothacking | -11 -10 ------------ Run | Scr Mat Used RIF Installer . | . . Robots Hacked . | . . Non-combat . | . . Combat . | . . Robot Hacks Applied . | . . Relay Couplers Released . | . . Robots Rewired . | . . Allies Hacked . | . . Hacks Repelled . | . . Allies | -11 -10 -------- Run | Scr Mat Total Allies . | . . Largest Group . | . . Highest-Rated Group . | . . Highest-Rated Ally . | . . Total Orders . | . . Ally Attacks . | . . Total Damage . | . . Kills . | . . Allies Corrupted . | . . Allies Melted . | . . Intel | -11 -10 ------- Run | Scr Mat Robot Analysis Total . | . . Derelict Logs Recovered . | . . Drone Launches . | . . Drone Recoveries . | . . Exploration | -11 -10 ------------- Run | Scr Mat Turns Passed 466 | 74 392 Spaces Moved 260 | 57 203 Core 17 | 11 6 Treads . | . . Legs 243 | 46 197 Wheels . | . . Hover . | . . Flight . | . . Fastest Speed 50 | 50 100 Average Speed 116 | 106 119 Slowest Speed 120 | 120 120 Overloaded Moves . | . . Propulsion Burnouts . | . . Robots Hopped . | . . Cave-ins Triggered . | . . Exploration Rate (%) 22 | 4 41 Regions Visited 1 Branch Regions . Pre-discovered Areas . | . . Known Exits Taken . | . . Unknown Exits Taken 1 | 1 . Scrap Searched . | . . Spaces Dug . | . . Terrain Destroyed . | . . Melee . | . . Projectile . | . . AOE . | . . Terrain Rammed . | . . Walls Destroyed . | . . Machines Disabled . | . . Actions | -11 -10 --------- Run | Scr Mat Total 358 | 70 288 Wait 8 | . 8 Move 259 | 56 203 Hop . | . . Pick Up 16 | 8 8 Fast Attach . | . . Attach 12 | 6 6 Detach . | . . Swap . | . . Drop . | . . Fire 45 | . 45 Melee . | . . Ram 17 | . 17 Kick 1 | . 1 Crush . | . . Escape Stasis . | . . Rewire . | . . Trap . | . . Miscellaneous . | . . Route ------- -11/Scrapyard -10/Materials History --------- Turn | Location | Event 31 | -11/Scrapyard | Discovered new exit (range 15) 75 | -11/Scrapyard | Entered Materials 317 | -10/Materials | Build established: Mutant 356 | -10/Materials | Core integrity fell below 50% 362 | -10/Materials | Core integrity fell below 20% 385 | -10/Materials | Lost 5 parts (1p2n2w) 467 | -10/Materials | Destroyed by G-34 Mercenary with Small Laser Last Messages --------------- U-05 Engineer lays Concrete. K-01 Serf cleans the Nuclear Reactor. Acquired 10 matter. K-01 Serf cleans the Nuclear Reactor. O-16 Technician sends out distress signal. Acquired Imp. Heat Sink. K-01 Serf collects debris. R-06 Scavenger collects Aluminum Leg. R-06 Scavenger collects Heat Sink. G-34 Mercenary destroyed. R-06 Scavenger collects Ion Engine. K-01 Serf collects debris. R-06 Scavenger collects Ion Engine. O-16 Technician destroyed. Triggered Alarm Trap. An alarm sounds. ALERT: Alarm triggered, dispatching investigation squad. Acquired Lgt. Armor Plating. Acquired Med. Storage Unit. G-34 Mercenary destroyed. Map ----- +----------------------------------------------------+ | | | | | | | | | | | | | | | | | | | | | | | | | | | | | | | | | | | | | | | | | | | ????????#######??????????????????????????????????? | | ???????# ??????????????????????????????????? | | ???????# "T" ?#????????????????????????????????? | | ######## ###############??????????????????? | | # %%%# # #!@! #??????????????????? | | # """%%# # #!! " #??????????????????? | | # """%%# """ # # ! T #??????????????????? | | # """= # """ # # " #??????????????????? | | # =% # """ # ! # #??????????????????? | | # ==% # #? # !%*|#??????????????????? | | ###+##+####+########+######g### #??????????????? | | ??# % !% #??????????????? | | ??# #??????????????? | | ??# #??????????????? | | ??### #### !################### ##??????????????? | | #####/#### /%#???????????????????#???????????????? | | ## =#?????#######???????????????????????? | | ## #?????# #???????????????????????? | | ## ????? #???????????????????????? | | ## ????? #???????????????????????? | | !!! + ???? #???????????????????????? | | !!! #########??? ????????????????????????? | | !!! #???????????# #????????????????????????? | | #???????????# ###??????????????????????? | | #???????????# # #?????????????????????? | | +##+################# ??????????????????????? | | #????????????????????????? | | #????????????????????????? | | #????????????????????????? | +----------------------------------------------------+ Best States ------------- Heat Dissipation 25 Energy Generation 10 Energy Capacity 250 Matter Stores 300 Matter Capacity 300 Sight Range 16 Terrain Scan Density 10 Utility Shielding 33 Evasion (%) 50 Item Schematics ----------------- None Robot Schematics ------------------ None Fabricated ------------ Nothing Alien Tech Used ----------------- None Achievements -------------- None Challenges ------------ None Game ------ Seed MomentumCombatHammer Manual? 0 Play Time 00:04:53 Cumulative 9.2 hours Start 2021.07.15 @ 23:46:23 End 2021.07.15 @ 23:50:47 Sessions 1 Manual Loads 0 Difficulty Rogue Special Mode None Game No. 19 Rogue 19 Adventurer 0 Explorer 0 Win Type - Total 0 Types 0/0/0/0/0/0/0/0/0 Lore% 7 Gallery% 13 Achievement% 14 Wizard Run 0 Options --------- ASCII 0 Keyboard 0 Movement Mouse Keybinds 0 Fullscreen 1 Font 20/Terminus Map View 66x50 Tactical HUD 0 Map Filters NONE Filters NONE Steam 1 RUN: c676a135-4a2b-426a-94ea-b56aed15057b